 Dungeon Crawl Stone Soup version 0.24.0-10-g970556be89 (webtiles) character file.

Game seed: 16208208274753863010, levelgen mode: deterministic

1915732 Froggeryz the Axe Maniac (level 27, 253/264 HPs)
             Began as a Minotaur Berserker on Nov 1, 2019.
             Was the Champion of Trog.
             Escaped with the Orb
             ... and 3 runes on Nov 3, 2019!
             The game lasted 02:04:37 (55241 turns).

Froggeryz the Axe Maniac (Minotaur Berserker)      Turns: 55241, Time: 02:04:37

Health: 253/264    AC: 33    Str: 30    XL:     27
Magic:  31/31      EV: 35    Int:  2    God:    Trog [******]
Gold:   5237       SH:  0    Dex: 36    Spells: 26/26 levels left

rFire    + + .     SeeInvis .   I - +9 executioner's axe (freeze)
rCold    + . .     Gourm    .   (shield currently unavailable)
rNeg     . . .     Faith    .   i - +7 chain mail "Omofysil" {Dex+5}
rPois    .         Spirit   .   g - +2 hat
rElec    .         Reflect  .   k - +1 cloak {rC+}
rCorr    +         Harm     .   a - +0 pair of gloves of Makhleb {Regen+ rCorr}
MR       +++++     NoCast   +   P - +0 pair of boots of the Ward {-Cast Int+3 Dex+6}
Stlth    ..........             R - amulet "Ditiysim" {rF+ MR++ Regen+ Int-5}
HPRegen  1.34/turn              V - ring of Cheibriados's Regard {rF+ MR+ Str+6}
MPRegen  0.22/turn              H - ring of protection from magic

@: hasted, very quick
A: retaliatory headbutt, horns 2, agile 2, magic resistance 1, MP-powered wands
0: Orb of Zot
}: 3/15 runes: barnacled, silver, gossamer
a: Berserk, Trog's Hand, Brothers in Arms, Renounce Religion


You escaped.
You worshipped Trog.
Trog was exalted by your worship.
You were not hungry.

You visited 10 branches of the dungeon, and saw 48 of its levels.
You visited 1 ziggurat, and saw 1 of its levels.
You also visited: Bailey, Gauntlet, Ice Cave and Desolation.

You collected 7668 gold pieces.
You spent 2431 gold pieces at shops.

Inventory:

Hand Weapons
 n - the +8 battleaxe "Sovih" {chop, rC+ Int+4}
   (Trog gifted it to you in the Desolation of Salt)

   It inflicts extra damage upon your enemies.
   It affects your intelligence (+4).
   It protects you from cold.
 I - a +9 executioner's axe of freezing (weapon)
Missiles
 y - 15 curare-tipped darts
 M - 68 javelins (quivered)
 T - 62 silver javelins
 Y - 13 throwing nets
Armour
 a - the +0 pair of gloves of Makhleb (worn) {Regen+ rCorr}
   (You found it in an ice cave)

   It increases your rate of regeneration.
   It provides partial protection from all sources of acid and corrosion.
 g - a +2 hat (worn)
 i - the +7 chain mail "Omofysil" (worn) {Dex+5}
   (You found it on level 1 of the Depths)

   It affects your dexterity (+5).
 k - a +1 cloak of cold resistance (worn)
 P - the +0 pair of boots of the Ward (worn) {-Cast Int+3 Dex+6}
   (You found it in a Gauntlet)

   It affects your intelligence (+3).
   It affects your dexterity (+6).
   It prevents spellcasting.
 Z - a +1 cloak of magic resistance
Jewellery
 w - an uncursed amulet of the acrobat
 B - an uncursed ring of see invisible
 D - the ring of Annopp {*Corrode rC++ MP+9 Str+4 Stlth-}
   (You bought it in a shop on level 2 of the Orcish Mines)

   [ring of attention]

   It affects your strength (+4).
   It greatly protects you from cold.
   It affects your magic capacity (+9).
   It may corrode you when you take damage.
   It makes you less stealthy.
 G - an uncursed ring of fire
 H - a ring of protection from magic (right hand)
 K - the amulet of Suspicion {*Contam +Rage rElec Str+6 Dex+2}
   (You found it in the Desolation of Salt)

   [amulet of rage]

   It affects your strength (+6).
   It affects your dexterity (+2).
   It insulates you from electricity.
   It lets you go berserk.
   It causes magical contamination when unequipped.
 O - a +3 ring of intelligence
 Q - a +3 amulet of reflection
 R - the amulet "Ditiysim" (around neck) {rF+ MR++ Regen+ Int-5}
   (You found it on level 4 of the Depths)

   [amulet of regeneration]

   It affects your intelligence (-5).
   It protects you from fire.
   It affects your resistance to hostile enchantments.
   It increases your rate of regeneration.
 S - an uncursed ring of protection from cold
 V - the ring of Cheibriados's Regard (left hand) {rF+ MR+ Str+6}
   (You bought it in a shop on level 6 of the Dungeon)

   [ring of protection from magic]

   It affects your strength (+6).
   It protects you from fire.
   It affects your resistance to hostile enchantments.
 W - an uncursed ring of ice
Wands
 l - a wand of enslavement (13)
 q - a wand of clouds (9)
 u - a wand of iceblast (28)
 v - a wand of scattershot (10)
 C - a wand of acid (22)
 N - a wand of digging (17)
Scrolls
 b - 4 scrolls of magic mapping
 e - 16 scrolls of remove curse
 h - 6 scrolls of enchant weapon
 j - 10 scrolls of identify
 m - 7 scrolls of fear
 p - 9 scrolls of enchant armour
 r - a scroll of summoning
 t - 8 scrolls of fog
 x - 17 scrolls of teleportation
 L - a scroll of holy word
 U - 5 scrolls of blinking
 X - 3 scrolls of silence
Potions
 d - 2 potions of mutation
 f - 4 potions of agility
 o - 2 potions of cancellation
 s - 3 potions of resistance
 z - 6 potions of might
 A - 2 potions of curing
 F - 5 potions of haste
 J - 6 potions of flight
Comestibles
 c - 60 rations


   Skills:
 + Level 24.7 Fighting
 O Level 27 Axes
 + Level 18.5 Throwing
 + Level 24.3 Armour
 * Level 23.7 Dodging
 - Level 12.0 Evocations


You had 26 spell levels left.
You didn't know any spells.
Your spell library contained the following spells:

 Spells                   Type           Power        Failure   Level  Hunger
 Apportation              Tloc           #.....       82%         1    ##.....
 Beastly Appendage        Tmut           #.....       82%         1    ##.....
 Confusing Touch          Hex            #.....       82%         1    ##.....
 Corona                   Hex            #......      82%         1    ##.....
 Flame Tongue             Conj/Fire      #....        82%         1    ##.....
 Freeze                   Ice            #...         82%         1    ##.....
 Shock                    Conj/Air       #...         82%         1    ##.....
 Sting                    Conj/Pois      #...         82%         1    ##.....
 Summon Butterflies       Summ           #.......     82%         1    ##.....
 Summon Small Mammal      Summ           #...         82%         1    ##.....
 Blink                    Tloc           N/A          91%         2    ###....
 Call Imp                 Summ           #.......     91%         2    ###....
 Corpse Rot               Necr           N/A          91%         2    ###....
 Poisonous Vapours        Pois/Air       #.....       91%         2    ###....
 Searing Ray              Conj           #.....       91%         2    ###....
 Shroud of Golubria       Chrm/Tloc      #.....       91%         2    ###....
 Slow                     Hex            #.......     91%         2    ###....
 Sticks to Snakes         Tmut           #.......     91%         2    ###....
 Sublimation of Blood     Necr           #.........   91%         2    ###....
 Throw Frost              Conj/Ice       #.....       91%         2    ###....
 Call Canine Familiar     Summ           #.......     99%         3    ####...
 Confuse                  Hex            #.......     99%         3    ####...
 Gell's Gravitas          Tloc           #.........   99%         3    ####...
 Ignite Poison            Fire/Tmut/Pois #.......     99%         3    ####...
 Inner Flame              Hex/Fire       #.......     99%         3    ####...
 Lesser Beckoning         Tloc           #.........   99%         3    ####...
 Mephitic Cloud           Conj/Pois/Air  #.......     99%         3    ####...
 Ozocubu's Armour         Chrm/Ice       #.......     99%         3    ####...
 Portal Projectile        Hex/Tloc       #.....       99%         3    ####...
 Spider Form              Tmut/Pois      #.........   99%         3    ####...
 Static Discharge         Conj/Air       #.......     99%         3    ####...
 Summon Guardian Golem    Hex/Summ       #.......     99%         3    ####...
 Teleport Other           Tloc           #.......     99%         3    ####...
 Tukima's Dance           Hex            #.......     99%         3    ####...
 Cause Fear               Hex            #.........   100%        4    #####..
 Ice Form                 Ice/Tmut       #.......     100%        4    #####..
 Iskenderun's Mystic Bla  Conj           #.......     100%        4    #####..
 Leda's Liquefaction      Hex/Erth       #.........   100%        4    #####..
 Petrify                  Tmut/Erth      #.......     100%        4    #####..
 Summon Ice Beast         Ice/Summ       #.......     100%        4    #####..
 Summon Lightning Spire   Summ/Air       #.......     100%        4    #####..
 Throw Icicle             Conj/Ice       #.......     100%        4    #####..
 Agony                    Necr           #.......     100%        5    ######.
 Alistair's Intoxication  Tmut/Pois      #.......     100%        5    ######.
 Blade Hands              Tmut           #.........   100%        5    ######.
 Bolt of Draining         Conj/Necr      #.........   100%        5    ######.
 Dispel Undead            Necr           #.......     100%        5    ######.
 Excruciating Wounds      Chrm/Necr      #.........   100%        5    ######.
 Fireball                 Conj/Fire      #.........   100%        5    ######.
 Irradiate                Conj/Tmut      #.........   100%        5    ######.
 Metabolic Englaciation   Hex/Ice        #.........   100%        5    ######.
 Venom Bolt               Conj/Pois      #.........   100%        5    ######.
 Yara's Violent Unravell  Hex/Tmut       #.........   100%        5    ######.
 Bolt of Fire             Conj/Fire      #.........   100%        6    #######
 Invisibility             Hex            #.......     100%        6    #######
 Ring of Flames           Chrm/Fire      #.........   100%        7    #######
 Spellforged Servitor     Conj/Summ      #.........   100%        7    #######
 Ignition                 Fire           #.........   100%        8    #######
 Passage of Golubria      Tloc           Unusable     N/A         4    N/A

Dungeon Overview and Level Annotations

Branches:
Dungeon (15/15)            Temple (1/1) D:5            Lair (6/6) D:8
 Shoals (4/4) Lair:3       Spider (4/4) Lair:2        Slime (0/5) Lair:5
    Orc (2/2) D:12            Elf (0/3) Orc:2        Vaults (5/5) D:13
  Crypt (1/3) Vaults:3     Depths (5/5) D:15            Zot (5/5) Depths:5
 Bailey (visited)           IceCv (visited)         Desolation (visited)
Gauntlet (visited)

Altars:
Cheibriados
Elyvilon
Fedhas
Gozag
Kikubaaqudgha
Nemelex Xobeh
Sif Muna
Uskayaw
Vehumet
Xom
Beogh

Shops:
D:6 }=*   D:7 [   Orc:2 ([*=*   Depths:2 (*[   Depths:3 [

Portals:
Hell: Depths:1 Depths:2 Depths:3 Depths:4 Depths:5
Abyss: Depths:1 Depths:4
Pandemonium: Depths:3 Depths:5
Trove: Depths:1 (give +5 demon blade)

Annotations:
D:12 2 transporters, Sassenached's ghost, journeyman DsAK
Zot:4 1 transporter
Zot:5 1 exclusion


Innate Abilities, Weirdness & Mutations

You reflexively headbutt those who attack you in melee.
You have a pair of horns on your head.
You are very agile. (Dex +4)
You are resistant to hostile enchantments. (MR+)
You expend magic power (3 MP) to strengthen your wands.


Message History

You freeze the large abomination!
You destroy the large abomination!
Trog accepts your kill.
No target in view!
No target in view!
You feel yourself speed up.
An orange demon, a pandemonium lord and a lich come into view.
Woeqix howls, "I shall feast on thy fortitude!"
The lich shouts!
You can't go up here!
The lich mumbles some strange words.
The lich seems to speed up.
There is a stone staircase leading up here.
Woeqix gestures at you.
The lance of force hits you but does no damage.
You climb upwards.
There is a stone staircase leading down here.
Unknown command.
There is a staircase leading out of the dungeon here.
You have escaped!

#>.....≈≈≈≈.......
#.......≈≈≈.......
#.......≈≈≈.......
#.......≈≈≈≈......
#.......≈≈≈≈......
#.......≈≈≈≈......
#........≈≈≈......
#........≈≈≈......
#@.......≈≈≈≈.....
##########≈≈≈#####
#≈≈≈≈# # ##≈≈≈≈# #
###≈≈≈## ##### # #
#


There were no monsters in sight!

Vanquished Creatures
  A pandemonium lord (Depths:4)
  Mennas (Depths:3)
  5 ancient liches
  2 orbs of fire (Zot:5)
  4 juggernauts
  8 Killer Klowns (Zot:5)
  7 golden dragons
  8 caustic shrikes (Depths:5)
  Arachne (Spider:3)
  3 electric golems
  10 liches
  18 tentacled monstrosities
  Rupert (Lair:5)
  Jorgrun (Orc:2)
  5 titans
  27 Orb Guardians
  6 quicksilver dragons
  2 death cobs
  3 Executioners
  Kirke (D:15)
  16 storm dragons
  3 sphinxes
  Donald (Vaults:1)
  A warmonger (Depths:5)
  2 tengu reavers (Vaults:5)
  8 shadow dragons
  Ilsuiw (Shoals:3)
  7 draconian monks
  16 frost giants
  2 balrugs
  16 vault wardens
  13 fire giants
  An iron dragon (Vaults:5)
  4 deep elf sorcerers
  A draconian scorcher (Zot:2)
  3 orc warlords
  2 draconian knights (Zot:3)
  A caustic shrike zombie (D:15)
  4 imperial myrmidons (Desolation)
  11 ghost moths
  5 emperor scorpions
  6 draconian stormcallers
  A deep elf elementalist (Vaults:5)
  4 draconian shifters
  A reaper (Depths:5)
  A curse skull (Vaults:3)
  A blood saint (Depths:5)
  A spriggan defender (Depths:1)
  3 vampire knights (Depths:3)
  16 stone giants
  8 draconian annihilators
  17 very ugly things
  15 ironheart preservers
  4 war gargoyles
  7 green draconians
  2 deep elf demonologists
  6 entropy weavers
  5 deep elf annihilators
  Azrael (D:12)
  7 black draconians
  2 halazid warlocks (Desolation)
  10 spark wasps
  A minotaur (Gauntlet)
  17 purple draconians
  11 white draconians
  8 yellow draconians
  12 red draconians
  9 merfolk javelineers
  2 crystal guardians
  4 blizzard demons
  3 jiangshi (Depths:3)
  6 merfolk impalers
  13 ettins
  3 deep elf death magi
  A ragged hierophant (Desolation)
  A small abomination (Vaults:4)
  11 fire dragons
  Josephine (Lair:6)
  16 ogre magi
  14 yaktaur captains
  4 deep elf high priests
  10 great orbs of eyes
  6 servants of whispers
  4 rakshasas
  12 peacekeepers (Desolation)
  A monstrous demonspawn (Depths:5)
  3 hydras
  29 vault guards
  3 merfolk avatars
  14 ice dragons
  A catoblepas (D:14)
  3 alligator snapping turtles
  2 spriggan air magi (Depths:5)
  12 centaur warriors
  6 death knights
  3 dancing weapons
  An anaconda (shapeshifter) (Vaults:5)
  Erica (D:10)
  5 merfolk aquamancers
  7 deep troll earth magi
  49 two-headed ogres
  11 deep troll shamans
  4 tengu warriors
  An orc high priest (Orc:2)
  3 vampire magi
  Urug (D:12)
  4 soul eaters
  Sonja (Lair:1)
  7 deep elf knights
  An iron troll (Depths:1)
  6 sun demons
  11 skeletal warriors
  2 shadow wraiths (Vaults:4)
  2 quicksilver dragon simulacra (Depths:5)
  An infernal demonspawn (Depths:5)
  A sixfirhy (Gauntlet)
  5 hell knights (Depths:4)
  7 unseen horrors
  27 deep trolls
  4 glowing orange brains
  3 flayed ghosts
  6 deep elf archers
  5 wizards
  A swamp dragon (Lair:6)
  3 spriggan druids (Depths:2)
  6 sea snakes
  18 ironbrand convokers
  24 harpies
  18 orc knights
  17 deep elf magi
  11 phantasmal warriors
  6 necromancers
  A frost giant zombie (Vaults:3)
  A human zombie (Vaults:3)
  An orb spider (shapeshifter) (Vaults:2)
  16 orb spiders
  2 oklob plants (Lair:5)
  4 shining eyes (Depths:4)
  36 ugly things
  A shining eye (shapeshifter) (Vaults:5)
  A stone giant zombie (Vaults:3)
  44 wolf spiders
  6 cyclopes
  12 manticores
  5 orc sorcerers
  3 fauns (Shoals:1)
  21 moths of wrath
  11 black mambas
  7 elephants
  2 stone giant skeletons
  5 merfolk sirens
  A moth of wrath (shapeshifter) (Vaults:1)
  A black mamba (shapeshifter) (Depths:5)
  9 rust devils
  An eye of devastation (Depths:4)
  2 ice statues
  Joseph (D:7)
  A frost giant skeleton (D:15)
  12 vault sentinels
  2 molten gargoyles (Desolation)
  9 guardian serpents
  A yaktaur zombie (Vaults:3)
  12 spiny frogs
  A torpor snail (Spider:2)
  3 centaur skeletons
  4 gargoyles
  A smoke demon (Depths:4)
  2 eyes of devastation (shapeshifter)
  4 rime drakes
  15 demonic crawlers
  43 yaktaurs
  A tormentor (Depths:1)
  3 efreet (Depths:5)
  3 tengu conjurers
  10 freezing wraiths
  A hellwing (Depths:4)
  5 ice devils
  5 anaconda simulacra (IceCv)
  8 komodo dragons
  31 jumping spiders
  28 merfolk
  3 red devils
  A meliai (shapeshifter) (Vaults:3)
  2 yaktaur skeletons
  2 wind drakes
  A queen bee (Spider:3)
  14 hornets
  8 trolls
  5 large abominations
  Prince Ribbit (D:7)
  60 saltlings
  8 hippogriffs
  11 slime creatures
  An ice dragon zombie (D:15)
  4 blink frogs (Lair:3)
  A meliai zombie (D:12)
  A fire giant simulacrum (Vaults:3)
  68 redbacks
  10 snapping turtles
  4 centaur simulacra
  An ettin skeleton (Vaults:3)
  3 flying skulls (Depths:5)
  21 spriggans (Depths:2)
  4 shadows
  3 dire elephant simulacra (IceCv)
  A vampire (D:13)
  39 yaks
  45 tarantellas
  11 water elementals
  A fire elemental (D:12)
  Eustachio (D:5)
  3 golden eyes (Depths:4)
  A human (D:7)
  11 wyverns
  10 wraiths
  3 hogs (D:7)
  A neqoxec (Depths:5)
  5 basilisks
  A yaktaur simulacrum (Vaults:4)
  4 vampire mosquitoes (D:15)
  2 hungry ghosts
  4 steam dragons (Lair:6)
  A chaos spawn (Gauntlet)
  2 harpy simulacra (IceCv)
  A human simulacrum (Vaults:3)
  A death yak simulacrum (IceCv)
  Edmund (D:5)
  4 acid dragons
  8 wargs
  2 iron troll simulacra (IceCv)
  A soldier ant (shapeshifter) (Depths:2)
  2 soldier ants
  A deep troll zombie (Vaults:3)
  2 hydra simulacra (IceCv)
  7 hell hounds
  14 water moccasins
  4 floating eyes
  3 porcupines
  A black bear (D:11)
  A tengu skeleton (D:15)
  A hornet zombie (D:9)
  39 orc warriors
  2 swamp drakes (Lair:6)
  An alligator simulacrum (IceCv)
  7 ettin simulacra
  2 eyes of draining
  3 ice beasts
  6 sky beasts
  An eye of draining (shapeshifter) (Vaults:3)
  An ice dragon simulacrum (Gauntlet)
  36 ogres
  4 boggarts
  10 wolves
  A necrophage (D:13)
  A tengu (shapeshifter) (Vaults:1)
  24 centaurs
  24 crocodiles
  A big kobold (shapeshifter) (D:15)
  Blork the orc (D:5)
  16 bullfrogs
  8 gnoll sergeants (Bailey)
  A wyvern skeleton (D:8)
  4 scorpions
  16 killer bees
  A swamp dragon simulacrum (IceCv)
  8 wights
  3 howler monkeys (D:10)
  3 electric eels (Spider:3)
  6 crimson imps
  A draconian simulacrum (IceCv)
  5 jellies
  4 centaur zombies
  5 hounds
  26 orc wizards
  Crazy Yiuf (D:7)
  6 gnoll shamans (Bailey)
  25 orc priests
  3 bullfrog skeletons
  Terence (D:3)
  8 iguanas
  14 worker ants
  2 spriggan simulacra (IceCv)
  7 troll simulacra (IceCv)
  A wolf simulacrum (IceCv)
  2 worker ant zombies
  14 gnolls (Bailey)
  A howler monkey skeleton (D:6)
  6 naga simulacra (IceCv)
  8 adders
  An ogre simulacrum (IceCv)
  4 shadow imps
  4 white imps (IceCv)
  9 ufetubi
  An ooze (D:1)
  An adder zombie (D:9)
  An adder skeleton (D:4)
  7 worms
  2 dart slugs (D:1)
  18 leopard geckos
  83 orcs
  2 ball pythons
  8 bats
  6 giant cockroaches
  11 goblins
  7 hobgoblins
  2 jackals (D:2)
  8 kobolds
  5 quokkas
  18 frilled lizards
  A leopard gecko skeleton (D:5)
  A quokka skeleton (D:4)
  2 quokka zombies
  7 rats
  4 bushes (Depths:2)
  2 fungi (Lair:6)
  20 plants
2317 creatures vanquished.

Vanquished Creatures (collateral kills)
  An Orb Guardian (Zot:5)
  3 merfolk impalers
  5 vault guards (Vaults:5)
  A merfolk avatar (Shoals:4)
  2 orb spiders (Spider:4)
  A wolf spider (Spider:4)
  A merfolk siren (Shoals:4)
  A merfolk (Shoals:4)
  2 jumping spiders
  A hornet (Spider:3)
18 creatures vanquished.

Vanquished Creatures (others)
  An orc sorcerer (Orc:2)
  A merfolk (Shoals:4)
  A jumping spider (Spider:1)
  A wind drake (Shoals:4)
  A redback (Spider:4)
  An electric eel (Spider:3)
  A white imp (IceCv)
  An ufetubus (IceCv)
  10 demonic plants (Gauntlet)
  5 fungi
  8 plants
  5 withered plants (D:15)
36 creatures vanquished.

Grand Total: 2371 creatures vanquished

Notes
Turn   | Place    | Note
-------+----------+-------------------------------------------
     0 | D:1      | Froggeryz the Minotaur Berserker began the quest for the
                  | Orb.
     0 | D:1      | Reached XP level 1. HP: 19/19 MP: 0/0
    67 | D:1      | Reached skill level 4 in Axes
   102 | D:1      | Reached XP level 2. HP: 16/26 MP: 1/1
   383 | D:1      | Reached skill level 5 in Axes
   432 | D:1      | Reached ** piety under Trog
   484 | D:1      | Reached XP level 3. HP: 31/31 MP: 2/2
   873 | D:2      | Found a faded altar of an unknown god.
  1328 | D:2      | Reached skill level 6 in Axes
  1328 | D:2      | Reached XP level 4. HP: 30/39 MP: 3/3
  1689 | D:3      | Noticed Terence
  1700 | D:3      | Killed Terence
  1940 | D:3      | Reached XP level 5. HP: 26/45 MP: 4/4
  2394 | D:3      | Reached skill level 7 in Axes
  2536 | D:4      | Noticed an ogre
  2541 | D:4      | Killed an ogre
  2541 | D:4      | Reached skill level 8 in Axes
  2709 | D:4      | Reached *** piety under Trog
  2709 | D:4      | Reached XP level 6. HP: 51/51 MP: 5/5
  3307 | D:4      | Found a white marble altar of Elyvilon.
  3524 | D:5      | Entered Level 5 of the Dungeon
  3566 | D:5      | Noticed Blork the orc
  3725 | D:5      | Killed Blork the orc
  3725 | D:5      | Reached skill level 9 in Axes
  3746 | D:5      | Got a brightly glowing ring mail
  3749 | D:5      | Identified the +2 ring mail of Piorady {rPois rC+ Dex-3
                  | Stlth+} (You found it on level 5 of the Dungeon)
  3826 | D:5      | Noticed Edmund
  3839 | D:5      | Killed Edmund
  3839 | D:5      | Reached XP level 7. HP: 52/57 MP: 6/6
  3954 | D:5      | Reached skill level 10 in Axes
  4162 | D:5      | Reached skill level 11 in Axes
  4462 | D:5      | Reached XP level 8. HP: 38/64 MP: 7/7
  4464 | D:5      | Found a staircase to the Ecumenical Temple.
  4657 | D:5      | Noticed Eustachio
  4674 | D:5      | Killed Eustachio
  4674 | D:5      | Reached skill level 12 in Axes
  4787 | Temple   | Entered the Ecumenical Temple
  4810 | D:6      | Found Duyg's Gadget Boutique.
  4826 | D:6      | Reached **** piety under Trog
  4862 | D:6      | Found Leduz's Assorted Antiques.
  4880 | D:6      | Bought a scroll labeled NOMIES TAURHOL for 31 gold pieces
  5132 | D:6      | Found Omamef's Jewellery Shoppe.
  5204 | D:6      | Reached skill level 13 in Axes
  5419 | D:7      | Noticed Joseph
  5433 | D:7      | Killed Joseph
  5499 | D:7      | Reached XP level 9. HP: 49/70 MP: 8/8
  5501 | D:7      | Reached skill level 14 in Axes
  5777 | D:7      | Found a runed translucent door.
  5778 | D:7      | Noticed Crazy Yiuf
  5785 | D:7      | Killed Crazy Yiuf
  5897 | D:7      | Noticed Prince Ribbit
  5908 | D:7      | Killed Prince Ribbit
  6056 | D:7      | Found Aragyam's Armour Shop.
  6064 | D:7      | Bought a +0 pair of gloves for 54 gold pieces
  6387 | D:7      | Reached skill level 5 in Fighting
  6387 | D:7      | Reached skill level 15 in Axes
  6830 | D:8      | Reached XP level 10. HP: 78/84 MP: 9/9
  6936 | D:8      | Reached skill level 16 in Axes
  7053 | D:8      | Reached ***** piety under Trog
  7144 | D:8      | Found a staircase to the Lair.
  7427 | D:8      | Found a hide-covered altar of Uskayaw.
  7433 | D:8      | Found an ancient bone altar of Kikubaaqudgha.
  8196 | D:10     | Entered Level 10 of the Dungeon
  8240 | D:10     | Noticed a gargoyle
  8483 | D:10     | Killed a gargoyle
  8483 | D:10     | Reached skill level 17 in Axes
  8595 | D:10     | Noticed a two-headed ogre
  8601 | D:10     | Noticed Erica
  8602 | D:10     | Killed a two-headed ogre
  8615 | D:10     | Received a gift from Trog
  8624 | D:10     | Killed Erica
  8624 | D:10     | Reached XP level 11. HP: 46/95 MP: 10/10
  8815 | D:10     | Noticed a white ugly thing
  8835 | D:10     | Killed a white ugly thing
  9056 | D:10     | Noticed a two-headed ogre
  9063 | D:10     | Killed a two-headed ogre
  9068 | D:10     | Reached skill level 5 in Armour
  9442 | Lair:1   | Entered Level 1 of the Lair of Beasts
  9474 | Lair:1   | Found a gate leading to a gauntlet.
  9493 | Gauntlet | Entered a Gauntlet
  9493 | Gauntlet | Found a transporter.
  9505 | Gauntlet | Found a transporter.
  9513 | Gauntlet | Noticed a fire crab
  9516 | Gauntlet | Found a transporter.
  9529 | Gauntlet | Found a transporter.
  9573 | Gauntlet | Noticed a sixfirhy
  9578 | Gauntlet | Found a transporter.
  9587 | Gauntlet | Found a transporter.
  9624 | Gauntlet | Found a transporter.
  9627 | Gauntlet | Found a transporter.
  9628 | Gauntlet | Found a transporter.
  9637 | Gauntlet | Reached skill level 18 in Axes
  9644 | Gauntlet | Found a transporter.
  9696 | Gauntlet | Killed a sixfirhy
  9703 | Gauntlet | Got a pair of translucent boots
  9704 | Gauntlet | Identified the +0 pair of boots of the Ward {-Cast Int+3
                  | Dex+6} (You found it in a Gauntlet)
  9788 | Gauntlet | Found a transporter.
  9842 | Gauntlet | Found a transporter.
  9906 | Gauntlet | Noticed a balrug
  9906 | Gauntlet | Found a transporter.
  9910 | Gauntlet | Found a transporter.
  9910 | Gauntlet | Noticed an obsidian statue
  9930 | Gauntlet | Noticed a minotaur
  9943 | Gauntlet | Killed a minotaur
  9943 | Gauntlet | Reached skill level 10 in Fighting
 10463 | Lair:1   | Noticed Sonja
 10481 | Lair:1   | Killed Sonja
 10661 | Lair:1   | Reached XP level 12. HP: 24/108 MP: 11/11
 11875 | Lair:2   | Reached skill level 19 in Axes
 11924 | Lair:2   | Found a hole to the Spider Nest.
 12668 | Lair:3   | Found a staircase to the Shoals.
 13588 | Lair:4   | Noticed a four-headed hydra
 13600 | Lair:4   | Killed a one-headed hydra
 14369 | Lair:5   | Noticed Rupert
 14752 | Lair:5   | Reached skill level 20 in Axes
 14754 | Lair:5   | Killed Rupert
 14754 | Lair:5   | Reached XP level 13. HP: 118/118 MP: 12/12
 15178 | Lair:5   | Received a gift from Trog
 15222 | Lair:5   | Gained mutation: You are clumsy. (Dex -2) [potion of
                  | mutation]
 15222 | Lair:5   | Gained mutation: Your flesh is heat resistant. (rF+)
                  | [potion of mutation]
 15222 | Lair:5   | Gained mutation: Your muscles are strong. (Str +2) [potion
                  | of mutation]
 15222 | Lair:5   | Gained mutation: You have a somewhat thin skeletal
                  | structure. (Dex +2, Stealth) [potion of mutation]
 15223 | Lair:5   | Lost mutation: Your muscles are strong. (Str +2) [potion of
                  | mutation]
 15223 | Lair:5   | Lost mutation: Your flesh is heat resistant. (rF+) [potion
                  | of mutation]
 15223 | Lair:5   | Lost mutation: You are clumsy. (Dex -2) [potion of
                  | mutation]
 15223 | Lair:5   | Lost mutation: You have a somewhat thin skeletal structure.
                  | (Dex +2, Stealth) [potion of mutation]
 15223 | Lair:5   | Gained mutation: You are robust. (+10% HP) [potion of
                  | mutation]
 15223 | Lair:5   | Gained mutation: You are agile. (Dex +2) [potion of
                  | mutation]
 15223 | Lair:5   | Gained mutation: Your movements are slightly less
                  | encumbered by armour. (ER -2) [potion of mutation]
 15463 | Lair:5   | Found a staircase to the Slime Pits.
 15550 | Lair:6   | Entered Level 6 of the Lair of Beasts
 15631 | Lair:6   | Reached skill level 10 in Armour
 15750 | Lair:6   | Reached skill level 1 in Evocations
 16219 | Lair:6   | Reached skill level 21 in Axes
 16589 | Lair:6   | Reached ****** piety under Trog
 16593 | Lair:6   | Noticed a fire dragon
 16621 | Lair:6   | Killed a fire dragon
 16928 | Lair:6   | Noticed Josephine
 16942 | Lair:6   | Received a gift from Trog
 16942 | Lair:6   | Reached XP level 14. HP: 141/141 MP: 14/16
 16946 | Lair:6   | Killed Josephine
 17958 | D:11     | Reached skill level 5 in Evocations
 18110 | D:11     | Found a shimmering blue altar of Sif Muna.
 18442 | D:12     | Found a staircase to the Orcish Mines.
 18476 | Orc:1    | Entered Level 1 of the Orcish Mines
 18491 | Orc:1    | Received a gift from Trog
 18493 | Orc:1    | Found a roughly hewn altar of Beogh.
 18758 | Orc:2    | Entered Level 2 of the Orcish Mines
 18770 | Orc:2    | Found Vacvawk's General Store.
 18968 | Orc:2    | Noticed Jorgrun
 18980 | Orc:2    | Killed Jorgrun
 18980 | Orc:2    | Reached skill level 22 in Axes
 19074 | Orc:2    | Noticed a stone giant
 19088 | Orc:2    | Killed a stone giant
 19442 | Orc:2    | Found a staircase to the Elven Halls.
 19521 | Orc:2    | Received a gift from Trog
 19641 | Orc:2    | Noticed an orc warlord
 20071 | Orc:2    | Found a roughly hewn altar of Beogh.
 20093 | Orc:2    | Killed an orc warlord
 20099 | Orc:2    | Found Foihy's Jewellery Shop.
 20117 | Orc:2    | Found Lash's General Store.
 20132 | Orc:2    | Found Ciamoun's Antique Weapon Shop.
 20149 | Orc:2    | Found Kyadext's Antique Armour Shop.
 20156 | Orc:2    | Bought a pair of glowing boots for 135 gold pieces
 20194 | Orc:2    | Bought the ring of Annopp {*Corrode rC++ MP+9 Str+4 Stlth-}
                  | for 644 gold pieces
 20408 | D:6      | Bought the ring of Cheibriados's Regard {rF+ MR+ Str+6} for
                  | 722 gold pieces
 20408 | D:6      | Bought an uncursed ring of protection from fire for 350
                  | gold pieces
 20930 | D:12     | Noticed a stone giant
 20931 | D:12     | Found a transporter.
 20931 | D:12     | Noticed Sassenached's ghost (journeyman DsAK)
 20931 | D:12     | Noticed a storm dragon
 20979 | D:12     | Noticed Azrael
 20993 | D:12     | Killed Azrael
 21079 | D:12     | Found a transporter.
 21187 | D:12     | Noticed Urug
 21194 | D:12     | Killed Urug
 21473 | D:13     | Reached XP level 15. HP: 53/152 MP: 19/19
 21495 | D:13     | Found a gate to the Vaults.
 21604 | D:13     | Found a flagged portal.
 21608 | D:13     | Received a gift from Trog
 21612 | Bailey   | Entered a bailey
 23154 | D:14     | Reached skill level 15 in Fighting
 23163 | D:14     | Reached skill level 23 in Axes
 23525 | D:15     | Entered Level 15 of the Dungeon
 23593 | D:15     | Received a gift from Trog
 24429 | D:15     | Found a staircase to the Depths.
 24481 | Depths:1 | Entered Level 1 of the Depths
 24492 | Depths:1 | Noticed a frost giant
 24493 | Depths:1 | Got a twisted chain mail
 24501 | D:15     | Identified the +7 chain mail "Omofysil" {Dex+5} (You found
                  | it on level 1 of the Depths)
 24722 | D:15     | Reached skill level 24 in Axes
 24729 | D:15     | Noticed Kirke
 24734 | D:15     | Killed Kirke
 25198 | Spider:1 | Entered Level 1 of the Spider Nest
 25324 | Spider:1 | Reached XP level 16. HP: 143/163 MP: 21/21
 25692 | Spider:1 | Received a gift from Trog
 26306 | Spider:2 | Lost mutation: Your movements are slightly less encumbered
                  | by armour. (ER -2) [potion of mutation]
 26306 | Spider:2 | Lost mutation: You are robust. (+10% HP) [potion of
                  | mutation]
 26306 | Spider:2 | Gained mutation: You are frail. (-10% HP) [potion of
                  | mutation]
 26306 | Spider:2 | Gained mutation: You expend magic power (3 MP) to
                  | strengthen your wands. [potion of mutation]
 26306 | Spider:2 | Gained mutation: Your muscles are strong. (Str +2) [potion
                  | of mutation]
 26306 | Spider:2 | Gained mutation: You are somewhat resistant to further
                  | mutation. [potion of mutation]
 26307 | Spider:2 | Lost mutation: You are agile. (Dex +2) [potion of mutation]
 26307 | Spider:2 | Lost mutation: Your muscles are strong. (Str +2) [potion of
                  | mutation]
 26307 | Spider:2 | Lost mutation: You are somewhat resistant to further
                  | mutation. [potion of mutation]
 26307 | Spider:2 | Lost mutation: You are frail. (-10% HP) [potion of
                  | mutation]
 26307 | Spider:2 | Gained mutation: You are frail. (-10% HP) [potion of
                  | mutation]
 26307 | Spider:2 | Lost mutation: You are frail. (-10% HP) [potion of
                  | mutation]
 26307 | Spider:2 | Gained mutation: Your system is resistant to poisons.
                  | (rPois) [potion of mutation]
 26307 | Spider:2 | Gained mutation: You are agile. (Dex +2) [potion of
                  | mutation]
 26867 | Spider:2 | Reached skill level 10 in Evocations
 27256 | Spider:3 | Reached skill level 25 in Axes
 27277 | Spider:3 | Noticed Arachne
 27288 | Spider:3 | Killed Arachne
 27411 | Spider:3 | Received a gift from Trog
 28455 | Spider:4 | Entered Level 4 of the Spider Nest
 28782 | Spider:3 | Upgraded the game from 0.24.0-3-g28a8eb0610 to
                  | 0.24.0-10-g970556be89
 28808 | Spider:4 | Reached XP level 17. HP: 123/156 MP: 24/24
 28933 | Spider:4 | Reached skill level 26 in Axes
 28960 | Spider:4 | Received a gift from Trog
 29186 | Spider:4 | Found a frozen archway.
 29191 | IceCv    | Entered an ice cave
 29703 | IceCv    | Received a gift from Trog
 30077 | IceCv    | Got a pair of ancient gloves
 30107 | IceCv    | Identified the +0 pair of gloves of Makhleb {Regen+ rCorr}
                  | (You found it in an ice cave)
 30966 | Spider:4 | Got a gossamer rune of Zot
 31360 | Shoals:1 | Entered Level 1 of the Shoals
 31634 | Shoals:1 | Received a gift from Trog
 31877 | Shoals:3 | Noticed Ilsuiw
 31965 | Shoals:3 | Killed Ilsuiw
 32141 | Shoals:3 | Reached skill level 27 in Axes
 32178 | Shoals:4 | Entered Level 4 of the Shoals
 32186 | Shoals:4 | Reached skill level 1 in Throwing
 32467 | Shoals:3 | Reached XP level 18. HP: 148/165 MP: 8/26
 32872 | Shoals:4 | Received a gift from Trog
 33490 | Shoals:4 | Received a gift from Trog
 33934 | Shoals:4 | Got a barnacled rune of Zot
 34001 | Shoals:1 | Reached skill level 5 in Throwing
 34337 | Vaults:1 | Entered Level 1 of the Vaults
 34372 | Vaults:1 | Noticed Donald
 34389 | Vaults:1 | Killed Donald
 34592 | Vaults:1 | Received a gift from Trog
 34628 | Vaults:1 | Found a ruined gateway.
 34632 | Desolati | Entered the Desolation of Salt
 34916 | Desolati | Identified the Grimoire of the Arsonist
 35022 | Desolati | Received a gift from Trog
 35028 | Desolati | Got a pitted battleaxe {god gift}
 35029 | Desolati | Identified the +8 battleaxe "Sovih" {chop, rC+ Int+4} (Trog
                  | gifted it to you in the Desolation of Salt)
 35037 | Desolati | Got a bound copper amulet
 35039 | Desolati | Identified the amulet of Suspicion {*Contam +Rage rElec
                  | Str+6 Dex+2} (You found it in the Desolation of Salt)
 35252 | Desolati | Reached XP level 19. HP: 84/177 MP: 27/27
 35267 | Desolati | Identified Sif Muna's Reference Book on Cloudy Venom
 35271 | Desolati | Identified the Handbook of Lethal Contamination
 36099 | Vaults:1 | Received a gift from Trog
 36299 | Vaults:1 | Reached skill level 15 in Armour
 37027 | Vaults:2 | Received a gift from Trog
 37358 | Vaults:2 | Received a gift from Trog
 37623 | Vaults:2 | Reached skill level 10 in Throwing
 37731 | Vaults:2 | Received a gift from Trog
 38058 | Vaults:2 | Reached skill level 5 in Dodging
 38075 | Vaults:2 | Reached XP level 20. HP: 189/189 MP: 28/28
 38480 | Vaults:2 | You fall into a shaft and drop 1 floor!
 39063 | Vaults:3 | Received a gift from Trog
 39110 | Vaults:3 | Paralysed by a lich for 7 turns
 39328 | Vaults:3 | You fall into a shaft and drop 1 floor!
 39878 | Vaults:3 | Received a gift from Trog
 40220 | Vaults:3 | Found a staircase to the Crypt.
 40369 | Crypt:1  | Entered Level 1 of the Crypt
 40424 | Vaults:4 | Received a gift from Trog
 40818 | Vaults:4 | Received a gift from Trog
 40818 | Vaults:4 | Reached skill level 10 in Dodging
 41126 | Vaults:4 | Reached XP level 21. HP: 178/199 MP: 29/29
 41471 | Vaults:5 | Entered Level 5 of the Vaults
 41471 | Vaults:5 | Noticed a golden dragon
 41483 | Vaults:5 | Killed a golden dragon
 41484 | Vaults:5 | Received a gift from Trog
 41489 | Vaults:5 | Noticed an ancient lich
 41653 | Vaults:4 | Killed an ancient lich
 41709 | Vaults:5 | Received a gift from Trog
 41721 | Vaults:5 | Received a gift from Trog
 41960 | Vaults:5 | Identified the Catalogue of Gliding Attacks
 42119 | Vaults:5 | Received a gift from Trog
 42415 | Vaults:5 | Reached XP level 22. HP: 182/209 MP: 30/30
 42717 | Vaults:5 | Received a gift from Trog
 43058 | Vaults:5 | Got a silver rune of Zot
 43366 | Depths:1 | Found a portal to a secret trove of treasure.
 43686 | Depths:1 | Found a one-way gate to the infinite horrors of the Abyss.
 44025 | Depths:1 | Found a gateway to Hell.
 44213 | Depths:1 | Noticed a juggernaut
 44217 | Depths:1 | Killed a juggernaut
 44226 | Depths:1 | Received a gift from Trog
 44239 | Depths:1 | Noticed a juggernaut
 44245 | Depths:1 | Killed a juggernaut
 44588 | Depths:1 | Reached skill level 15 in Dodging
 44779 | Depths:2 | Paralysed by a floating eye for 2 turns
 44799 | Depths:2 | Found Mivve's Weapon Boutique.
 44803 | Depths:2 | Found Voarrokhu's Assorted Antiques.
 44804 | Depths:2 | Found Ephesocsi's Antique Armour Boutique.
 45543 | Depths:2 | Received a gift from Trog
 45663 | Depths:3 | Noticed Mennas
 45672 | Depths:3 | Reached XP level 23. HP: 220/220 MP: 31/31
 45674 | Depths:3 | Killed Mennas
 45761 | Depths:3 | Found Amnecs Adioh's Antique Armour Emporium.
 45782 | Depths:3 | Bought a pair of glowing boots for 165 gold pieces
 45782 | Depths:3 | Bought a pair of runed boots for 165 gold pieces
 45787 | Depths:3 | Bought an embroidered cloak for 165 gold pieces
 46372 | Depths:3 | Got a dazzling chain mail
 46373 | Depths:3 | Identified the cursed +1 chain mail of Supple Strength {rF-
                  | Str+5} (You found it on level 3 of the Depths)
 46442 | Depths:3 | Received a gift from Trog
 46446 | Depths:3 | Found a one-way gate leading to the halls of Pandemonium.
 46447 | Depths:3 | Identified the +4 scimitar "Uhuk" {slice, MR+}
 47442 | Depths:4 | Received a gift from Trog
 47469 | Depths:4 | Noticed a juggernaut
 47475 | Depths:4 | Killed a juggernaut
 47475 | Depths:4 | Reached skill level 15 in Throwing
 47660 | Depths:4 | Reached XP level 24. HP: 229/231 MP: 31/31
 47700 | Depths:4 | Found a gateway to a ziggurat.
 47797 | Depths:4 | Got a transparent ruby amulet
 47801 | Depths:4 | Identified the amulet "Ditiysim" {rF+ MR++ Regen+ Int-5}
                  | (You found it on level 4 of the Depths)
 47820 | Depths:4 | Found a blossoming altar of Fedhas.
 47974 | Depths:4 | Lost intelligence.
 47974 | Depths:4 | Gained mutation: You are dopey. (Int -2) [a shining eye]
 47994 | Depths:4 | Gained mutation: Scrolls take you a little longer to read.
                  | [a shining eye]
 47995 | Depths:4 | Paralysed by a floating eye for 4 turns
 48001 | Depths:4 | Paralysed by a floating eye for 2 turns
 48005 | Depths:4 | Paralysed by a floating eye for 4 turns
 48016 | Depths:4 | Paralysed by a floating eye for 4 turns
 48023 | Depths:4 | Lost mutation: You are agile. (Dex +2) [potion of mutation]
 48023 | Depths:4 | Lost mutation: Scrolls take you a little longer to read.
                  | [potion of mutation]
 48023 | Depths:4 | Gained mutation: You are resistant to hostile enchantments.
                  | (MR+) [potion of mutation]
 48023 | Depths:4 | Gained mutation: You have supernaturally acute eyesight.
                  | (SInv) [potion of mutation]
 48023 | Depths:4 | Gained mutation: You are agile. (Dex +2) [potion of
                  | mutation]
 48024 | Depths:4 | Lost mutation: You are dopey. (Int -2) [potion of mutation]
 48024 | Depths:4 | Lost mutation: You have supernaturally acute eyesight.
                  | (SInv) [potion of mutation]
 48024 | Depths:4 | Lost mutation: Your system is resistant to poisons. (rPois)
                  | [potion of mutation]
 48024 | Depths:4 | Lost mutation: You expend magic power (3 MP) to strengthen
                  | your wands. [potion of mutation]
 48024 | Depths:4 | Gained mutation: You are very agile. (Dex +4) [potion of
                  | mutation]
 48024 | Depths:4 | Gained mutation: You expend magic power (3 MP) to
                  | strengthen your wands. [potion of mutation]
 48233 | Zig:1    | Entered Level 1 of a ziggurat
 48352 | Depths:5 | Entered Level 5 of the Depths
 48410 | Depths:5 | Received a gift from Trog
 48440 | Depths:5 | Received a gift from Trog
 48517 | Depths:5 | Found an opulent altar of Gozag.
 48524 | Depths:5 | Noticed a juggernaut
 48536 | Depths:5 | Killed a juggernaut
 48573 | Depths:5 | Found a snail-covered altar of Cheibriados.
 48888 | Depths:5 | Received a gift from Trog
 49046 | Depths:5 | Found a gate to the Realm of Zot.
 49125 | Depths:5 | Received a gift from Trog
 49205 | Depths:5 | Found a shimmering altar of Xom.
 49294 | Depths:5 | Reached XP level 25. HP: 165/240 MP: 31/31
 49365 | Depths:5 | Identified the +1 falchion "Latuuju" {pain, Fragile +Inv
                  | rPois MR+}
 49460 | Depths:5 | Found a blossoming altar of Fedhas.
 49705 | Zot:1    | Entered Level 1 of the Realm of Zot
 49761 | Zot:1    | Received a gift from Trog
 51621 | Zot:2    | Received a gift from Trog
 52377 | Zot:3    | Received a gift from Trog
 52377 | Zot:3    | Reached XP level 26. HP: 248/251 MP: 31/31
 52383 | Zot:3    | Got a brightly glowing battleaxe {god gift}
 52384 | Zot:3    | Identified the +4 battleaxe of Syndicalism {flame, +Rage
                  | MR- Str+9 Dex-5} (Trog gifted it to you on level 3 of the
                  | Realm of Zot)
 52689 | Zot:4    | Noticed an ancient lich
 52736 | Zot:4    | Found a transporter.
 52740 | Zot:4    | Noticed an ancient lich
 52773 | Zot:4    | Found a radiant altar of Vehumet.
 52773 | Zot:4    | Noticed an orb of fire
 53341 | Zot:5    | Entered Level 5 of the Realm of Zot
 53779 | Zot:5    | Noticed an ancient lich
 53809 | Zot:5    | Noticed an orb of fire
 53856 | Zot:5    | Killed an orb of fire
 53863 | Zot:5    | Noticed an orb of fire
 53865 | Zot:5    | Killed an ancient lich
 53879 | Zot:5    | Killed an orb of fire
 53983 | Zot:5    | Noticed an ancient lich
 53990 | Zot:5    | Noticed an ancient lich
 53992 | Zot:5    | Killed an ancient lich
 54005 | Zot:5    | Killed an ancient lich
 54008 | Zot:5    | Received a gift from Trog
 54244 | Zot:5    | Reached XP level 27. HP: 260/264 MP: 31/31
 54395 | Zot:5    | Noticed an ancient lich
 54411 | Zot:5    | Killed an ancient lich
 54488 | Zot:5    | Got the Orb of Zot
 54648 | Depths:5 | Noticed Munlyg the pandemonium lord
 54664 | Depths:4 | Killed Munlyg the pandemonium lord
 54784 | Depths:1 | Noticed Ipsoyv Teupt the pandemonium lord
 55226 | D:2      | Noticed Woeqix the pandemonium lord
 55241 | D:$      | Escaped with the Orb!

Levels and vault maps discovered:
D:1:      lemuel_arrival_river_ford, layout_basic
D:2:      layout_basic, chequers_ecumenical_altar_island
D:3:      layout_basic, first_ration, uniq_terence
D:4:      layout_layer_cave, elyvilon_altar_1
D:5:      layout_loops_ring, minmay_temple_entry_drinking_statues,
          grunt_ministairs_1, hangedman_decor_lopped, st_stairs_12,
          uniq_eustachio, uniq_edmund, uniq_blork_the_orc
D:6:      layout_gridville, serial_shops,
          nicolae_shop_temple_entry_statues_fountains, nicolae_shop_statue_plus,
          shop
D:7:      layout_cave_pods, serial_shops, shop, grunt_livestock, uniq_joseph,
          uniq_crazy_yiuf_cottage, uniq_prince_ribbit1
D:8:      layout_basic, minitemple, erik_lair_dragon, hex_large,
          chequers_serial_rivers_micro_c
D:9:      layout_roguey
D:10:     wander_river, layout_loops_ring, uniq_erica
D:11:     layout_roguey [special_room_orc], lemuel_blue_sif_altar
D:12:     layout_roguey, david_orc_3, gammafunk_ghost_arena, uniq_urug,
          uniq_azrael
D:13:     layout_roguey, erik_vaults_1, enter_bailey_3
D:14:     layout_cave_pods, nicolae_two_hexagons
D:15:     gammafunk_depths_entry_grave, layout_basic, nrook_campfire, uniq_kirke
Temple:   regret_index_temple_chain_breaker
Lair:1:   layout_chaotic_city, gauntlet_entry_generic, uniq_sonja
Lair:2:   layout_cave_pods, dummy_spider_entry, lemuel_fruit_tree
Lair:3:   layout_long_grid, elwin_shoals_entry_rooms
Lair:4:   layout_hall_layers
Lair:5:   lemuel_reptile_caves, layout_gridlike, dpeg_slime_entry_corner,
          grunt_forest_small_clearing_treed, minmay_lair_oklob_chamber,
          uniq_rupert
Lair:6:   hangedman_lair_tendril_chambers, layout_regular_city,
          guppyfry_lair_end_dragon, uniq_josephine
Shoals:1: layout_shoals
Shoals:2: layout_shoals
Shoals:3: layout_shoals, uniq_ilsuiw
Shoals:4: shoals_end_grunt_ice, layout_shoals
Spider:1: layout_spider_delve
Spider:2: layout_spider_delve
Spider:3: layout_spider_delve, hive_lemuel, nicolae_spider_cling_ruins,
          uniq_arachne
Spider:4: grunt_spider_rune_island, portal_ice_cave_entry_pillars_four
Orc:1:    layout_caves, basic_altar
Orc:2:    grunt_orc_cross, layout_diamond_mine, serial_shops, shop, uniq_jorgrun
Vaults:1: ontoclasm_vaults_spin, v_misc_13, ontoclasm_vaults_eye,
          grunt_vaults_hallway_short, vaults_mumra_chevron,
          nicolae_vaults_alarming, nicolae_vaults_network_quinsquares
          [nicolae_vaults_network_quincunx_subvault,
          nicolae_vaults_network_quincunx_subvault,
          nicolae_vaults_network_quincunx_subvault,
          nicolae_vaults_network_quincunx_subvault], grunt_vaults_funnel,
          v_misc_13, vaults_mumra_lcd, layout_vaults_big_room,
          portal_desolation_entry_nicolae_nacl, uniq_donald
Vaults:2: st_spiral_rooms, nicolae_vaults_circle_grid_a,
          nicolae_vaults_hallways_thing, vaults_room_grunt_arrival_checkpoint,
          nicolae_vaults_windows_and_doors_thing, grunt_vaults_twisty,
          v_misc_12, nicolae_vaults_ring_of_whatevers, dpeg_vaults_monster_box,
          layout_vaults_omnigrid
Vaults:3: nicolae_vaults_circle_grid_b, hangedman_vaults_stitches, v_misc_2,
          minmay_crypt_entry_simple_corners, ontoclasm_vaults_hangar,
          v_alt_pattern_6, v_misc_29, ontoclasm_vaults_ligature,
          hangedman_vaults_corner, vaults_mumra_hex,
          nicolae_vaults_circle_grid_b, nicolae_vaults_diagonal_hallway_8,
          vaults_dpeg_diagonal, v_misc_13, ontoclasm_vaults_twist,
          layout_vaults_omnibox
Vaults:4: hangedman_vaults_stretched_pinwheel, v_rooms_2,
          nicolae_vaults_yaktaur_gun_rack, vaults_standard_mumra_x,
          nicolae_vaults_little_squares_5, v_misc_23, v_misc_12,
          hangedman_vaults_cutoff, grunt_vaults_hallway_short,
          nicolae_vaults_border_crossing, vaults_room_hallway,
          nicolae_vaults_asterisk, vaults_room_pool, layout_vaults_maze_bifur
Vaults:5: serial_shops
Crypt:1:  layout_misc_corridors
Depths:1: minmay_three_patterns, layout_basic, abyss_entry_crystal, hell_entry,
          enter_trove_0, moated_statue, kennysheep_generic_room_14,
          serial_bayou_shore_b, roderic_lattice_octagonal_star,
          grunt_megastairs_2, firewood_loft, serial_bayou_shore_b
Depths:2: minmay_spriggan_fort, layout_basic, pf_dread_powers_of_hell,
          chequers_serial_rivers_marsh, drop_trap,
          infiniplex_staircase_squiggle, minmay_shop_star
Depths:3: grunt_house_of_mirrors, layout_basic, serial_shops, shop, pan_entry,
          serial_bayou_pond_e, lightli_too_deep, minmay_orc_keep,
          infiniplex_staircase_star, serial_bayou_shore_a, uniq_mennas
Depths:4: minmay_the_grid_triangle_9x9_rhombus_full_mashed
          [minmay_the_grid_triangle_9x9_alien,
          minmay_the_grid_triangle_9x9_shrine,
          minmay_the_grid_triangle_9x9_checkered,
          minmay_the_grid_triangle_9x9_intruding_spiral,
          minmay_the_grid_triangle_9x9_flanged_cone,
          minmay_the_grid_triangle_9x9_thin_v,
          minmay_the_grid_triangle_9x9_corrupted_corridor,
          minmay_the_grid_triangle_9x9_prize_insulated], layout_cave_shapes,
          enter_ziggurat_e, hangedman_abyss_or_decor_lesser_grid,
          hangedman_abyss_entry_splay, hellmouth_1, hangedman_eye_storm
Depths:5: grunt_profane_halls [grunt_profane_temple_geh,
          grunt_profane_temple_coc, grunt_profane_temple_tar,
          grunt_profane_temple_dis, grunt_zot_portal], pan_entry, hell_entry
Zot:1:    layout_onion_interference
Zot:2:    layout_cathedral_of_symmetry
Zot:3:    layout_gridlike
Zot:4:    gammafunk_sealed_library, layout_twisted_circle
Zot:5:    layout_misc_corridors, st_stairs_3

Skill      XL: |  1  2  3  4  5  6  7  8  9 10 11 12 13 14 15 16 17 18 19 20 21 22 23 24 25 26 27 |
---------------+----------------------------------------------------------------------------------+-----
Axes           | 4 5 6 8 9 11 13 15 17 18 20 21 22 24 25 27 | 27.0
Fighting       | 6 8 10 12 13 14 15 17 18 19 20 21 22 23 24 | 24.7
Armour         | 3 7 9 10 11 13 16 18 19 20 21 22 23 24 | 24.3
Evocations     | 4 6 9 11 12 | 12.0
Throwing       | 2 7 10 11 12 14 15 16 17 18 | 18.5
Dodging        | 5 10 13 15 17 19 21 23 | 23.7

Action                   |  1- 3 |  4- 6 |  7- 9 | 10-12 | 13-15 | 16-18 | 19-21 | 22-24 | 25-27 || total
-------------------------+-------+-------+-------+-------+-------+-------+-------+-------+-------++-------
Melee: Hand axe          |    98 |    89 |   154 |       |       |       |       |       |       ||   341
       Headbutt          |    13 |    19 |    51 |   123 |   301 |   414 |   280 |   330 |   256 ||  1787
       War axe           |       |       |    61 |   465 |   448 |       |       |       |       ||   974
       Scimitar          |       |       |       |     4 |     9 |       |       |       |       ||    13
       Battleaxe         |       |       |       |       |   524 |   660 |   123 |       |       ||  1307
       Executioner's axe |       |       |       |       |       |   538 |   714 |   889 |   715 ||  2856
Throw: Dart              |       |       |     2 |     1 |       |       |       |       |       ||     3
       Javelin           |       |       |       |       |       |     6 |       |     3 |       ||     9
Invok: Berserk           |       |     4 |     6 |     9 |     6 |     9 |     3 |     2 |     4 ||    43
       Trog's Hand       |       |       |       |       |       |     2 |     1 |       |       ||     3
       Brothers in Arms  |       |       |       |       |       |     3 |     2 |       |     3 ||     8
Evoke: Wand              |       |       |       |     9 |    16 |    42 |       |       |       ||    67
  Use: Scroll            |       |     3 |     8 |     5 |    28 |    13 |    14 |     8 |     4 ||    83
       Potion            |       |       |       |       |     5 |    13 |     3 |     3 |    27 ||    51
 Stab: Sleeping          |       |       |     1 |     1 |    14 |       |       |       |       ||    16
       Distracted        |       |       |       |     1 |       |     1 |     2 |     3 |       ||     7
       Paralysed         |       |       |       |       |     2 |     3 |       |       |       ||     5
       Betrayed ally     |       |       |       |       |       |     2 |       |       |       ||     2
       Held in net/web   |       |       |       |       |       |     6 |       |       |       ||     6
  Eat: Chunk             |     1 |     7 |    16 |    24 |    35 |    22 |    16 |    19 |       ||   140
       Ration            |       |     1 |       |     4 |     1 |     6 |     4 |     1 |     8 ||    25
Armor: Animal skin       |    37 |       |       |       |       |       |       |       |       ||    37
       Ring mail         |     2 |    31 |    61 |   167 |   300 |       |       |       |       ||   561
       Chain mail        |       |       |       |       |    41 |  1050 |   371 |   231 |   300 ||  1993
Dodge: Dodged            |    50 |    36 |    96 |   198 |   473 |   724 |   461 |   720 |   886 ||  3644
Block: Other             |       |       |       |       |     2 |       |       |       |       ||     2
       Rpst.: Scimitar   |       |       |       |       |     2 |       |       |       |       ||     2
